 Dungeon Crawl Stone Soup version 0.29.1-2-gbd0b4ee654 (webtiles) character file.

Game seed: 13939021278768123719

564 DemonSlayer the Magician (level 7, -2/43 (46) HPs)
             Began as a Demonspawn Fire Elementalist on Oct 29, 2022.
             Slain by a wight
             ... wielding a +0 scimitar
              (7 damage)
             ... on level 4 of the Dungeon.
             The game lasted 00:06:15 (3158 turns).

DemonSlayer the Magician (DsFE)                     Turns: 3158, Time: 00:06:15

HP:   -2/43 (46)    AC:  9    Str:  8    XL:     7   Next: 10%
MP:   7/14          EV: 14    Int: 18    God:
Gold: 179           SH:  4    Dex: 14    Spells: 6/16 levels left

rFire   . . .      SeeInvis .   q - +2 spear (venom)
rCold   . . .      Faith    .   (no shield)
rNeg    . . .      Spirit   .   d - +2 robe {Will+}
rPois   .          Reflect  .   (helmet restricted)
rElec   .          Harm     .   (no cloak)
rCorr   .          Rampage  .   (no gloves)
Will    +....                   j - +2 pair of boots
Stlth   ++........              g - amulet of magic regeneration
HPRegen 0.14/turn               (no ring)
MPRegen 0.54/turn               (no ring)

@: agile, very slightly contaminated, constricted, drained
A: horns 1, icy blue scales 1, powered by pain 2, condensation shield
a: no special abilities


You were on level 4 of the Dungeon.
You visited 1 branch of the dungeon, and saw 4 of its levels.

You collected 179 gold pieces.

Inventory:

Hand Weapons
 q - a +2 spear of venom (weapon)
Missiles
 i - a throwing net
Armour
 d - a +2 robe of willpower (worn)
 j - a +2 pair of boots (worn)
Jewellery
 g - an amulet of magic regeneration (around neck)
Scrolls
 a - a scroll of blinking {unknown}
 b - a scroll of vulnerability {unknown}
 c - 2 scrolls of enchant armour
 e - 2 scrolls of poison
 l - a scroll of noise {unknown}
 m - a scroll of brand weapon {unknown}
 s - a scroll of silence {unknown}
 t - a scroll of fog {unknown}
Potions
 f - a potion of berserk rage {unknown}
 h - a potion of flight
 k - a potion of curing
 n - 2 potions of lignification
 o - a potion of heal wounds {unknown}
 p - 2 potions of mutation {unknown}
 r - a potion of resistance
 u - a potion of invisibility {unknown}


   Skills:
 + Level 0.2 Fighting
 + Level 0.8 Short Blades
 + Level 0.1 Polearms
 + Level 0.1 Throwing
 + Level 2.0 Dodging
 + Level 2.8 Stealth
 + Level 5.0 Spellcasting
 + Level 1.8 Conjurations
 + Level 4.8 Fire Magic


You had 6 spell levels left.
You knew the following spells:

 Your Spells              Type           Power      Damage    Failure   Level
a - Foxfire               Conj/Fire      64%        2x1d7     3%          1
b - Scorch                Fire           42%        2d7       2%          2
c - Conjure Flame         Conj/Fire      16%        6-21      10%         3
d - Flame Wave            Conj/Fire      16%        2d7       32%         4

Your spell library contained the following spells:

 Spells                   Type           Power      Damage    Failure   Level
 Inner Flame              Hex/Fire       13%        N/A       14%         3
 Sublimation of Blood     Necr           4%         N/A       21%         2
 Wereblood                Tmut           4%         N/A       21%         2
 Summon Forest            Summ/Tloc      2%         N/A       98%         5
 Haunt                    Necr/Summ      2%         N/A       100%        7
 Summon Hydra             Summ           2%         N/A       100%        7


Dungeon Overview and Level Annotations

Branches:
Dungeon (4/15)
 Temple: D:4-7

Altars:
Dithmenos
Makhleb
Okawaru


Innate Abilities, Weirdness & Mutations

You have a pair of small horns on your head.
You are partially covered in icy blue scales. (AC +2)
You sometimes gain power by taking damage.
A meltable shield of frost defends you. (SH +4)


Message History

The wight is almost destroyed.
The ball python bites you. The ball python grabs you.
The ball python constricts you. The wight hits you but does no damage.
The wight closely misses you.
Flames lash the wight.
The wight is lightly damaged.
The wight's fire resistance burns away.
You block the ball python's attack. The ball python constricts you.
The ball python bites you but does no damage.
The ball python constricts you.
You miscast Scorch.
You are very lightly contaminated with residual magic.
Nothing appears to happen.
The wight closely misses you. The wight hits you but does no damage.
The wight hits you with a +0 scimitar. The ball python barely misses you.
The ball python constricts you.
Flames lash the wight but do no damage.
The wight is no longer more vulnerable to fire.
You block the ball python's attack. The ball python constricts you.
The wight hits you with a +0 short sword.
You feel drained. The wight hits you but does no damage.
The wight barely misses you. x2
As you read the scroll labelled KEOLOSMEANT, it crumbles to dust.
It is a scroll of enchant armour.
You aren't carrying any armour which can be enchanted further.
The wight is no longer more vulnerable to fire.
The ball python closely misses you. The ball python constricts you.
You block the wight's attack. The wight barely misses you.
The wight hits you but does no damage. The wight hits you with a +0 scimitar!
* * * LOW HITPOINT WARNING * * *
You focus on the pain.
You feel agile all of a sudden.
The air fills with toxic fumes!
As you read the scroll labelled ZUCHOUSTRISI, it crumbles to dust.
It was a scroll of poison.
The ball python bites you.
* * * LOW HITPOINT WARNING * * *
The ball python constricts you.
The wight hits you with a +0 short sword.
* * * LOW HITPOINT WARNING * * *
The wight hits you but does no damage. The wight hits you with a +0 scimitar!
You die...

.....#.......#.....
§§§..§§§§§§†..'.....
§§.#§#§§§§..##.....
§§.§§§§§§§.....###. #
#§.§§§§§.........#. #§
#§#§§§§.>##.##.#.#.
#§#§§#§#§§#...##.##...#.
§§§§§§zz§§#§§§##.##.###.
#§§§§§z@§§§§§§##.##.###.
#§#§§§Sz§§§§§§§.........
####§#§§##§§##.##.####
#§#§§##..##.##.#
§§.§§##..##.##.#
##§.§§§...##.##.#
#§#§§###.##.##.####
#§#§§§.............
.....###.##########


You could see 4 wights and a ball python.

Vanquished Creatures
  Sigmund (D:3)
  A black bear (D:3)
  2 hounds
  An orc priest (D:3)
  Terence (D:2)
  Jessica (D:3)
  An orc wizard (D:3)
  8 adders
  A worm (D:2)
  2 dart slugs
  2 orcs (D:3)
  8 ball pythons
  4 bats
  3 endoplasms
  3 giant cockroaches
  3 goblins
  8 hobgoblins
  4 jackals
  4 quokkas
  4 frilled lizards
  2 kobolds
  3 rats
67 creatures vanquished.

Vanquished Creatures (collateral kills)
  4 foxfires (D:1)
4 creatures vanquished.

Vanquished Creatures (others)
  112 foxfires
  A plant (D:1)
113 creatures vanquished.

Grand Total: 184 creatures vanquished

Notes
Turn   | Place    | Note
-------+----------+-------------------------------------------
     0 | D:1      | DemonSlayer the Demonspawn Fire Elementalist began the
                  | quest for the Orb.
     0 | D:1      | Reached XP level 1. HP: 13/13 MP: 3/3
   205 | D:1      | Gained mutation: You have a pair of small horns on your
                  | head. [demonic ancestry]
   205 | D:1      | Reached XP level 2. HP: 16/19 MP: 0/5
   493 | D:1      | Found a faded altar of an unknown god.
   921 | D:1      | Learned a level 2 spell: Scorch
  1508 | D:2      | Reached XP level 3. HP: 15/24 MP: 2/6
  1675 | D:2      | Noticed Terence
  1689 | D:2      | Killed Terence
  1802 | D:2      | Gained mutation: You are partially covered in icy blue
                  | scales. (AC +2) [demonic ancestry]
  1802 | D:2      | Reached XP level 4. HP: 30/30 MP: 4/8
  1855 | D:2      | Reached skill level 3 in Spellcasting
  2024 | D:2      | Found a burning altar of Makhleb.
  2122 | D:2      | Learned a level 3 spell: Conjure Flame
  2182 | D:3      | Noticed a black bear
  2198 | D:3      | Killed a black bear
  2199 | D:3      | Gained mutation: You sometimes gain a little power by
                  | taking damage. [demonic ancestry]
  2199 | D:3      | Reached XP level 5. HP: 35/35 MP: 0/10
  2226 | D:3      | Got Sif Muna's Spellbook of Illusion
  2240 | D:3      | Found an iron altar of Okawaru.
  2286 | D:3      | Noticed Sigmund
  2296 | D:3      | Killed Sigmund
  2297 | D:3      | Reached skill level 4 in Spellcasting
  2297 | D:3      | Gained mutation: You sometimes gain power by taking damage.
                  | [demonic ancestry]
  2297 | D:3      | Reached XP level 6. HP: 31/41 MP: 4/12
  2586 | D:3      | Noticed Jessica
  2604 | D:3      | Killed Jessica
  2605 | D:3      | Gained mutation: A meltable shield of frost defends you.
                  | (SH +4) [demonic ancestry]
  2605 | D:3      | Reached XP level 7. HP: 30/46 MP: 14/14
  3055 | D:3      | Learned a level 4 spell: Flame Wave
  3095 | D:4      | Found a shadowy altar of Dithmenos.
  3099 | D:4      | Reached skill level 5 in Spellcasting
  3158 | D:4      | Slain by a wight

Illustrated notes

Levels and vault maps discovered:
D:1:      mainiacjoe_arrival_reflecting_pool, layout_loops_ring,
          dreamdust_ecumenical_altar_grove
D:2:      layout_basic, basic_altar, uniq_terence
D:3:      layout_basic, mainiacjoe_overflow_catwalk, uniq_jessica, uniq_sigmund
D:4:      layout_basic, general_overflow_altar, uniq_edmund, uniq_natasha

Skill      XL: |  1  2  3  4  5  6  7 |
---------------+----------------------+-----
Fire Magic     | 3 4 |  4.8
Dodging        | 2 |  2.0
Stealth        | 2 |  2.8
Spellcasting   | 3 4 5 |  5.0
Fighting       | |  0.2
Short Blades   | |  0.8
Polearms       | |  0.1
Throwing       | |  0.1
Conjurations   | |  1.8

Action                   |  1- 3 |  4- 6 |  7- 9 || total
-------------------------+-------+-------+-------++-------
Melee: Short sword       |    19 |     2 |       ||    21
       Headbutt          |     4 |     3 |       ||     7
       Spear             |       |    25 |     3 ||    28
       Punch             |       |       |     1 ||     1
Throw: Throwing net      |     1 |       |       ||     1
 Cast: Foxfire           |    80 |       |       ||    80
       Scorch            |     6 |    51 |     8 ||    65
  Use: Potion            |     1 |       |       ||     1
       Scroll            |       |     3 |     2 ||     5
 Stab: Sleeping          |       |     1 |       ||     1
Armor: Robe              |     3 |    20 |     9 ||    32
Dodge: Dodged            |    39 |    19 |     7 ||    65
Block: Other             |       |       |     3 ||     3
